 Dungeon Crawl Stone Soup version 0.19.0-11-g3fc08b3 (webtiles) character file.

158 inmateoo the Chopper (level 5, -2/38 HPs)
             Began as a Demonspawn Gladiator on Nov 8, 2016.
             Slain by a river rat (5 damage)
             ... in a sewer.
             The game lasted 00:05:13 (2660 turns).

inmateoo the Chopper (Demonspawn Gladiator)         Turns: 2660, Time: 00:05:13

Health: -2/38      AC:  7    Str: 16    XL:     5   Next: 16%
Magic:  5/5        EV:  9    Int:  9    God:
Gold:   175        SH:  7    Dex: 14    Spells: 0 memorised, 4 levels left

rFire  . . .     SeeInvis .     a - +1 war axe
rCold  + . .     Gourm    .     e - +0 ring mail
rNeg   . . .     Faith    .     i - +0 shield
rPois  .         Spirit   .     c - +1 helmet
rElec  .         Reflect  .     (no cloak)
rCorr  .         Harm     .     (no gloves)
MR     .....                    (no boots)
Stlth  ..........               (no amulet)
                                (no ring)
                                m - ring of loudness (curse)

@: no status effects
A: cold resistance 1, rot immunity
a: no special abilities


You were in a sewer.
You were not hungry.

You visited 1 branch of the dungeon, and saw 4 of its levels.
You also visited: Sewer.

You collected 175 gold pieces.

Inventory:

Hand Weapons
 a - a +1 war axe (weapon)
Missiles
 d - 3 throwing nets (quivered)
Armour
 c - a +1 helmet (worn)
 e - a +0 ring mail (worn)
 i - a +0 shield (worn)
Jewellery
 m - a cursed ring of loudness (left hand)
Scrolls
 b - a scroll of identify
 h - a scroll of teleportation
Potions
 g - a potion of brilliance
Books
 l - a book of Cantrips

   Spells                             Type                      Level
   a - Confusing Touch                Hexes                        1
   b - Animate Skeleton               Necromancy                   1
   c - Summon Small Mammal            Summoning                    1
   d - Apportation                    Translocation                1
Comestibles
 f - 4 bread rations
 j - 2 chunks of flesh
 k - a meat ration


   Skills:
 - Level 2.0 Fighting
 * Level 4.1 Axes
 - Level 1.7 Throwing
 + Level 2.3 Armour
 - Level 3.2 Dodging
 + Level 0.8 Shields


You had 4 spell levels left.
You didn't know any spells.

Dungeon Overview and Level Annotations

Branches:
Dungeon (4/15)
 Temple: D:4-7

Altars:
Kikubaaqudgha
Sif Muna
Trog

Annotations:
D:2 Sigmund
D:3 Uhlv's ghost, amateur GrMo


Innate Abilities, Weirdness & Mutations

Your flesh is cold resistant. (rC+)
You are immune to rotting.


Message History

You swing at nothing.
You barely miss the river rat. You block the river rat's attack.
The river rat bites you!
* * * LOW HITPOINT WARNING * * *
You slash the river rat!
The river rat is almost dead.
The river rat bites you.
* * * LOW HITPOINT WARNING * * *
You closely miss the river rat.
The river rat is almost dead.
The river rat bites you but does no damage.
You hit the river rat.
You kill the river rat!
You hit the river rat but do no damage. The river rat closely misses you.
You barely miss the river rat. The river rat barely misses you.
You closely miss the river rat.
The river rat bites you but does no damage.
The river rat barely misses you.
You barely miss the river rat. The river rat bites you.
You die...

###
#@#
#r#
#.#
#†#
#∩#
#.#
#∩#
#.#
#.#


You could see a river rat.

Vanquished Creatures
  An orc priest (D:4)
  Jessica (D:2)
  A river rat (Sewer)
  3 adders
  An ooze (D:1)
  An adder skeleton (D:4)
  3 worms
  2 dart slugs
  10 orcs
  A bat (D:1)
  2 giant cockroaches
  2 goblins (D:1)
  5 hobgoblins
  A quokka (D:4)
  4 frilled lizards
  4 kobolds (D:1)
  A rat (Sewer)
43 creatures vanquished.

Notes
Turn   | Place    | Note
-------+----------+-------------------------------------------
     0 | D:1      | inmateoo the Demonspawn Gladiator began the quest for the Orb.
     0 | D:1      | Reached XP level 1. HP: 16/16 MP: 1/1
   429 | D:1      | Reached skill level 3 in Axes
   497 | D:1      | Gained mutation: You are immune to rotting. [demonic ancestry]
   497 | D:1      | Reached XP level 2. HP: 22/22 MP: 2/2
   574 | D:1      | Reached skill level 1 in Armour
   950 | D:2      | Noticed Sigmund
   997 | D:2      | Noticed Jessica
  1008 | D:1      | Gained mutation: Your flesh is cold resistant. (rC+) [demonic ancestry]
  1008 | D:1      | Reached XP level 3. HP: 2/27 MP: 3/3
  1514 | D:2      | Killed Jessica
  1696 | D:3      | Noticed Uhlv's ghost (amateur GrMo)
  2010 | D:3      | Reached XP level 4. HP: 23/33 MP: 4/4
  2222 | D:3      | Found a deep blue altar of Sif Muna.
  2437 | D:4      | Found an ancient bone altar of Kikubaaqudgha.
  2438 | D:4      | Found a bloodstained altar of Trog.
  2598 | D:4      | Found a glowing drain.
  2623 | D:4      | Reached skill level 4 in Axes
  2623 | D:4      | Reached XP level 5. HP: 15/38 MP: 5/5
  2644 | Sewer    | Entered a sewer
  2660 | Sewer    | Slain by a river rat

Skill      XL: |  1  2  3  4 |
---------------+-------------+-----
Axes           | 3 4 |  4.1
Armour         | 1 2 |  2.3
Dodging        | 3 |  3.2
Fighting       | |  2.0
Throwing       | |  1.7
Shields        | |  0.8

Action                   |  1- 3 |  4- 6 || total
-------------------------+-------+-------++-------
Melee: War axe           |    80 |    89 ||   169
  Use: Scroll            |     5 |     4 ||     9
       Potion            |       |     2 ||     2
  Eat: Chunk             |     2 |     4 ||     6
Armor: Leather armour    |    19 |    17 ||    36
       Ring mail         |       |    20 ||    20
Dodge: Dodged            |    37 |    53 ||    90
Block: Shield            |    28 |    41 ||    69
